DBL
BALTIMORE ORIOLES @ LOS ANGELES DODGERS
05/25/1997
 
TOP OF THE 1ST
Baltimore Orioles batting - Pitching for Los Angeles Dodgers : RHP Bartolo Colon
Pitching: RHP Bartolo Colon
Batting: LHB Johnny Damon 0-0: Ball
1-0: Ball
2-0: Ground out 4-3 (Groundball, 4S, EV 66.9 MPH)
Batting: LHB Bill Spiers 0-0: Ball
1-0: Foul Ball, location: 2F
1-1: Swinging Strike
1-2: Strikes out swinging
Batting: LHB Kenny Lofton 0-0: Ball
1-0: Called Strike
1-1: Called Strike
1-2: Ball
2-2: SINGLE (Groundball, 56D, EV 96.3 MPH)
Batting: LHB Matt Franco 0-0: Ball
1-0: Called Strike
1-1: Ball
2-1: Ball
3-1: Called Strike
3-2: Base on Balls
Kenny Lofton to second
Batting: RHB Kelly Gruber 0-0: Called Strike
0-1: Foul Ball, location: 2F
0-2: Foul Ball, location: 2F
0-2: Fly out, F8 (Flyball, 8LM, EV 79.4 MPH)
Top of the 1st over - 0 runs, 1 hit, 0 errors, 2 left on base; Baltimore 0 - Los Angeles 0
BOTTOM OF THE 1ST
Los Angeles Dodgers batting - Pitching for Baltimore Orioles : RHP Jose DeLeon
Pitching: RHP Jose DeLeon
Batting: RHB Brian L Hunter 0-0: Fly out, F9 (Flyball, 9, EV 81.9 MPH)
Batting: LHB Ryan Klesko 0-0: Called Strike
0-1: Fly out, F7 (Flyball, 7S, EV 90.0 MPH)
Batting: LHB Shawn Green 0-0: Ball
1-0: Fly out, F9 (Flyball, 9LSF, EV 80.6 MPH)
Bottom of the 1st over - 0 runs, 0 hits, 0 errors, 0 left on base; Baltimore 0 - Los Angeles 0
TOP OF THE 2ND
Baltimore Orioles batting - Pitching for Los Angeles Dodgers : RHP Bartolo Colon
Batting: RHB Lyle Mouton 0-0: Called Strike
0-1: Foul Ball, location: 2F
0-2: Ball
1-2: Ball
2-2: Fly out, F7 (Flyball, 7D, EV 84.4 MPH)
Batting: LHB Matt Nokes 0-0: Swinging Strike
0-1: Ball
1-1: Fly out, F8 (Flyball, 8RXD, EV 93.1 MPH)
Batting: RHB Alvaro Espinoza 0-0: DOUBLE (Line Drive, 7LM, EV 106.9 MPH)
Batting: RHB Jim Leyritz 0-0: Called Strike
0-1: Swinging Strike
0-2: Ball
1-2: Ball
2-2: Strikes out swinging
Top of the 2nd over - 0 runs, 1 hit, 0 errors, 1 left on base; Baltimore 0 - Los Angeles 0
BOTTOM OF THE 2ND
Los Angeles Dodgers batting - Pitching for Baltimore Orioles : RHP Jose DeLeon
Batting: LHB Rafael Palmeiro 0-0: Foul Ball, location: 2F
0-1: Ball
1-1: Called Strike
1-2: Ground out 4-3 (Groundball, 4, EV 103.8 MPH)
Batting: RHB Torii Hunter 0-0: Ball
1-0: Called Strike
1-1: Ball
2-1: Ball
3-1: Base on Balls
Batting: LHB Scott Hatteberg 0-0: Foul Ball, location: 2F
0-1: Fly out, F8 (Line Drive, 8LD, EV 102.5 MPH)
Batting: RHB Joe Randa 0-0: Called Strike
0-1: Fly out, F9 (Line Drive, 9D, EV 93.8 MPH)
Bottom of the 2nd over - 0 runs, 0 hits, 0 errors, 1 left on base; Baltimore 0 - Los Angeles 0
TOP OF THE 3RD
Baltimore Orioles batting - Pitching for Los Angeles Dodgers : RHP Bartolo Colon
Batting: LHB Johnny Damon 0-0: Called Strike
0-1: Called Strike
0-2: Ground out 6-3 (Groundball, 6M, EV 81.9 MPH)
Batting: LHB Bill Spiers 0-0: Called Strike
0-1: Ball
1-1: Ball
2-1: Foul Ball, location: 2F
2-2: Foul Ball, location: 2F
2-2: Fly out, F7 (Flyball, 7S, EV 87.5 MPH)
Batting: LHB Kenny Lofton 0-0: Called Strike
0-1: Ball
1-1: Swinging Strike
1-2: Ball
2-2: Ground out 4-3 (Groundball, 4M, EV 91.9 MPH)
Top of the 3rd over - 0 runs, 0 hits, 0 errors, 0 left on base; Baltimore 0 - Los Angeles 0
BOTTOM OF THE 3RD
Los Angeles Dodgers batting - Pitching for Baltimore Orioles : RHP Jose DeLeon
Batting: SHB Jerry Browne 0-0: Foul Ball, location: 2F
0-1: Bunted foul
0-2: Ball
1-2: Strikes out swinging
Batting: RHB Homer Bush 0-0: Called Strike
0-1: Foul Ball, location: 2F
0-2: Ball
1-2: Ball
2-2: Ball
3-2: SINGLE (Groundball, 56D, EV 95.0 MPH)
Batting: RHB Brian L Hunter 0-0: Called Strike
Homer Bush steals 2nd base (no throw)
0-1: Called Strike
0-2: Ball
1-2: Ball
2-2: Foul Ball, location: 2F
2-2: Ground out 6-3 (Groundball, 6M, EV 87.5 MPH)
Homer Bush to third
Batting: LHB Ryan Klesko 0-0: Ball
1-0: Called Strike
1-1: Foul Ball, location: 2F
1-2: Ground out 6-3 (Groundball, 6, EV 86.9 MPH)
Bottom of the 3rd over - 0 runs, 1 hit, 0 errors, 1 left on base; Baltimore 0 - Los Angeles 0
TOP OF THE 4TH
Baltimore Orioles batting - Pitching for Los Angeles Dodgers : RHP Bartolo Colon
Batting: LHB Matt Franco 0-0: Ball
1-0: Ball
2-0: Ball
3-0: Base on Balls
Batting: RHB Kelly Gruber 0-0: Called Strike
0-1: Fielders Choice at 2nd, 6-4 (Groundball, 6, EV 100.0 MPH)
Batting: RHB Lyle Mouton 0-0: Ball
1-0: Called Strike
Kelly Gruber steals 2nd base
1-1: Foul Ball, location: 2F
1-2: Ball
2-2: Foul Ball, location: 2F
2-2: Ground out 1-3 (Groundball, 34S, EV 89.4 MPH)
Kelly Gruber to third
Batting: LHB Matt Nokes 0-0: Called Strike
0-1: Ball
1-1: Ground out U3 (Groundball, 3L, EV 81.9 MPH)
Top of the 4th over - 0 runs, 0 hits, 0 errors, 1 left on base; Baltimore 0 - Los Angeles 0
BOTTOM OF THE 4TH
Los Angeles Dodgers batting - Pitching for Baltimore Orioles : RHP Jose DeLeon
Batting: LHB Shawn Green 0-0: Ball
1-0: Ball
2-0: Ball
3-0: Base on Balls
Batting: LHB Rafael Palmeiro 0-0: Foul Ball, location: 2F
0-1: Called Strike
0-2: Ball
Shawn Green steals 2nd base
1-2: Ball
2-2: Fly out, F9 (Flyball, 89S, EV 83.1 MPH)
Batting: RHB Torii Hunter 0-0: Called Strike
0-1: Foul Ball, location: 2F
0-2: Ball
1-2: Strikes out looking
Batting: LHB Scott Hatteberg 0-0: Ground out 4-3 (Groundball, 34, EV 104.4 MPH)
Bottom of the 4th over - 0 runs, 0 hits, 0 errors, 1 left on base; Baltimore 0 - Los Angeles 0
TOP OF THE 5TH
Baltimore Orioles batting - Pitching for Los Angeles Dodgers : RHP Bartolo Colon
Batting: RHB Alvaro Espinoza 0-0: Ball
1-0: SOLO HOME RUN (Flyball, 7D, EV 96.3 MPH), Distance : 395 ft
Batting: RHB Jim Leyritz 0-0: Ball
1-0: Ball
2-0: Ball
3-0: Foul Ball, location: 2F
3-1: Called Strike
3-2: Fly out, F8 (Flyball, 8LS, EV 81.9 MPH)
Batting: LHB Johnny Damon 0-0: Called Strike
0-1: Called Strike
0-2: Strikes out swinging
Batting: LHB Bill Spiers 0-0: SOLO HOME RUN (Line Drive, 9LD, EV 95.0 MPH), Distance : 341 ft
Batting: LHB Kenny Lofton 0-0: Ball
1-0: Ball
2-0: Called Strike
2-1: Bunt for hit to 5S - play at first, batter OUT! 5-3
Top of the 5th over - 2 runs, 2 hits, 0 errors, 0 left on base; Baltimore 2 - Los Angeles 0
BOTTOM OF THE 5TH
Los Angeles Dodgers batting - Pitching for Baltimore Orioles : RHP Jose DeLeon
Batting: RHB Joe Randa 0-0: Ball
1-0: Ball
2-0: SINGLE (Flyball, 78S, EV 100.0 MPH) - OUT at second base trying to stretch hit.
Batting: SHB Jerry Browne 0-0: Ball
1-0: Foul Ball, location: 2F
1-1: Ball
2-1: Ball
3-1: Base on Balls
Batting: RHB Homer Bush 0-0: Ball
1-0: Fielders Choice at 2nd, 6-4 (Groundball, 6, EV 91.9 MPH)
Batting: RHB Brian L Hunter 0-0: Ball
1-0: Ground out 5-3 (Groundball, 56S, EV 75.0 MPH)
Bottom of the 5th over - 0 runs, 1 hit, 0 errors, 1 left on base; Baltimore 2 - Los Angeles 0
TOP OF THE 6TH
Baltimore Orioles batting - Pitching for Los Angeles Dodgers : RHP Bartolo Colon
Batting: LHB Matt Franco 0-0: Fly out, F8 (Flyball, 89S, EV 95.6 MPH)
Batting: RHB Kelly Gruber 0-0: Swinging Strike
0-1: Reached on error, E3 (Groundball, 3L, EV 106.9 MPH)
Batting: RHB Lyle Mouton 0-0: Foul Ball, location: 2F
0-1: Ball
1-1: Ball
2-1: SINGLE (Line Drive, 4D, EV 93.8 MPH)
Kelly Gruber to second
Runner from 2nd tries for 3rd, SAFE, no throw by CF
Batting: LHB Matt Nokes 0-0: Swinging Strike
0-1: Ball
1-1: Fly out, F9 (Flyball, 9S, EV 81.3 MPH)
Batting: RHB Alvaro Espinoza 0-0: Ball
1-0: TRIPLE (Flyball, 89XD, EV 102.5 MPH)
Kelly Gruber scores
Lyle Mouton scores
Batting: RHB Jim Leyritz 0-0: Called Strike
0-1: Ball
Passed Ball!
Alvaro Espinoza scores
1-1: Ball
2-1: Swinging Strike
2-2: Ball
3-2: Foul Ball, location: 2F
3-2: Foul Ball, location: 2F
3-2: Foul Ball, location: 2F
3-2: SINGLE (Groundball, 34D, EV 94.4 MPH)
Batting: LHB Johnny Damon 0-0: Ball
1-0: Ball
2-0: Ball
3-0: Base on Balls
Jim Leyritz to second
Batting: LHB Bill Spiers 0-0: SINGLE (Groundball, 4MD, EV 102.5 MPH)
Jim Leyritz to third
Johnny Damon to second
Runner from 3rd tries for Home, SAFE, throw by CF to home
Batting: LHB Kenny Lofton 0-0: Ball
1-0: TRIPLE (Line Drive, 89XD, EV 98.1 MPH)
Johnny Damon scores
Bill Spiers scores
Pitching: LHP Bill Pulsipher
Batting: LHB Matt Franco 0-0: Ball
1-0: Called Strike
1-1: SINGLE (Line Drive, 7LS, EV 111.9 MPH)
Kenny Lofton scores
Batting: RHB Kelly Gruber 0-0: Ball
1-0: Called Strike
1-1: Ball
2-1: Called Strike
2-2: Foul Ball, location: 2F
2-2: Ball
3-2: Foul Ball, location: 2F
3-2: DOUBLE (Line Drive, 78D, EV 101.9 MPH)
Matt Franco to third
Matt Franco scores
Batting: RHB Lyle Mouton 0-0: Ball
1-0: Foul Ball, location: 2F
1-1: Ball
2-1: Foul Ball, location: 2F
2-2: Ball
3-2: Base on Balls
Batting: LHB Matt Nokes 0-0: Swinging Strike
0-1: Ball
1-1: Called Strike
1-2: Foul Ball, location: 2F
1-2: Strikes out looking
Top of the 6th over - 8 runs, 7 hits, 1 error, 2 left on base; Baltimore 10 - Los Angeles 0
BOTTOM OF THE 6TH
Los Angeles Dodgers batting - Pitching for Baltimore Orioles : RHP Jose DeLeon
Batting: LHB Ryan Klesko 0-0: Ball
1-0: Ball
2-0: Foul Ball, location: 2F
2-1: Ball
3-1: Foul Ball, location: 2F
3-2: Fly out, F9 (Flyball, 9S, EV 81.9 MPH)
Batting: LHB Shawn Green 0-0: Ball
1-0: Ball
2-0: Swinging Strike
2-1: Ball
3-1: Base on Balls
Batting: LHB Rafael Palmeiro 0-0: Foul Ball, location: 2F
0-1: Ball
1-1: Foul Ball, location: 2F
1-2: Strikes out looking
Batting: RHB Torii Hunter 0-0: Swinging Strike
0-1: DOUBLE (Line Drive, 3D, EV 103.1 MPH)
Shawn Green to third
Runner from 3rd tries for Home, SAFE, throw by RF to trailing runner, SAFE at third!
Batting: LHB Scott Hatteberg 0-0: Ball
1-0: Foul Ball, location: 2F
1-1: Ground out 6-3 (Groundball, 6, EV 86.9 MPH)
Bottom of the 6th over - 1 run, 1 hit, 0 errors, 1 left on base; Baltimore 10 - Los Angeles 1
TOP OF THE 7TH
Baltimore Orioles batting - Pitching for Los Angeles Dodgers : LHP Bill Pulsipher
Pinch Hitting: RHB Pat Meares 0-0: Ground out 3-1 (Groundball, 34, EV 86.3 MPH)
Batting: RHB Jim Leyritz 0-0: Ball
1-0: Ball
2-0: Called Strike
2-1: Foul Ball, location: 2F
2-2: Ball
3-2: Foul Ball, location: 2F
3-2: Strikes out swinging
Batting: LHB Johnny Damon 0-0: SINGLE (Groundball, 34, EV 88.1 MPH) (infield hit)
Pinch Runner at 1st Troy O'Leary:
Batting: LHB Bill Spiers 0-0: Called Strike
0-1: Fly out, F9 (Flyball, 9S, EV 83.8 MPH)
Top of the 7th over - 0 runs, 1 hit, 0 errors, 1 left on base; Baltimore 10 - Los Angeles 1
BOTTOM OF THE 7TH
Los Angeles Dodgers batting - Pitching for Baltimore Orioles : RHP Jose DeLeon
Now at SS: Pat Meares
Now in LF: Troy O'Leary
Batting: RHB Joe Randa 0-0: Called Strike
0-1: Ground out 4-3 (Groundball, 4, EV 92.5 MPH)
Batting: SHB Jerry Browne 0-0: Foul Ball, location: 2F
0-1: Called Strike
0-2: Ball
1-2: Fly out, F7 (Flyball, 78D, EV 98.8 MPH)
Batting: RHB Homer Bush 0-0: Foul Ball, location: 2F
0-1: Ground out 4-3 (Groundball, 4, EV 89.4 MPH)
Bottom of the 7th over - 0 runs, 0 hits, 0 errors, 0 left on base; Baltimore 10 - Los Angeles 1
TOP OF THE 8TH
Baltimore Orioles batting - Pitching for Los Angeles Dodgers : LHP Bill Pulsipher
Pitching: LHP Lance Painter
Batting: LHB Kenny Lofton 0-0: Foul Ball, location: 2F
0-1: Foul Ball, location: 2F
0-2: Ball
1-2: Strikes out looking
Batting: LHB Matt Franco 0-0: Ball
1-0: Foul Ball, location: 2F
1-1: Ball
2-1: Fly out, F4 (Flyball, 34D, EV 81.9 MPH)
Batting: RHB Kelly Gruber 0-0: Foul Ball, location: 2F
0-1: Ball
1-1: Ball
2-1: Ball
3-1: Called Strike
3-2: Ground out 5-3 (Groundball, 5, EV 105.0 MPH)
Top of the 8th over - 0 runs, 0 hits, 0 errors, 0 left on base; Baltimore 10 - Los Angeles 1
BOTTOM OF THE 8TH
Los Angeles Dodgers batting - Pitching for Baltimore Orioles : RHP Jose DeLeon
Batting: RHB Brian L Hunter 0-0: Ball
1-0: Called Strike
1-1: Fly out, F8 (Flyball, 8LM, EV 91.3 MPH)
Batting: LHB Ryan Klesko 0-0: Ground out 1-3 (Groundball, 34S, EV 83.1 MPH)
Batting: LHB Shawn Green 0-0: Ball
1-0: Ball
2-0: SINGLE (Groundball, 34D, EV 104.4 MPH)
Batting: LHB Rafael Palmeiro 0-0: Called Strike
0-1: Reached on error, E3 (Groundball, 34, EV 83.8 MPH)
Shawn Green to third
Batting: RHB Torii Hunter 0-0: Called Strike
0-1: Foul Ball, location: 2F
0-2: Reached on error, E3 (Groundball, 34, EV 93.8 MPH)
Shawn Green scores
Rafael Palmeiro to third
Batting: LHB Scott Hatteberg 0-0: Ball
1-0: Ball
2-0: Foul Ball, location: 2F
2-1: Fly out, F7 (Flyball, 7S, EV 85.0 MPH)
Bottom of the 8th over - 1 run, 1 hit, 2 errors, 2 left on base; Baltimore 10 - Los Angeles 2
TOP OF THE 9TH
Baltimore Orioles batting - Pitching for Los Angeles Dodgers : LHP Lance Painter
Batting: RHB Lyle Mouton 0-0: Ball
1-0: Called Strike
1-1: Fly out, F8 (Flyball, 8LM, EV 86.9 MPH)
Batting: LHB Matt Nokes 0-0: Ground out 4-3 (Groundball, 4, EV 100.6 MPH)
Batting: RHB Pat Meares 0-0: Called Strike
0-1: Called Strike
0-2: Foul Ball, location: 2F
0-2: Foul Ball, location: 2F
0-2: Ball
1-2: Strikes out swinging
Top of the 9th over - 0 runs, 0 hits, 0 errors, 0 left on base; Baltimore 10 - Los Angeles 2
BOTTOM OF THE 9TH
Los Angeles Dodgers batting - Pitching for Baltimore Orioles : RHP Jose DeLeon
Batting: RHB Joe Randa 0-0: Called Strike
0-1: Called Strike
0-2: Strikes out swinging
Batting: SHB Jerry Browne 0-0: Called Strike
0-1: Ground out 4-3 (Groundball, 4, EV 81.9 MPH)
Batting: RHB Homer Bush 0-0: Ball
1-0: Called Strike
1-1: Called Strike
1-2: Ground out 4-3 (Groundball, 4, EV 99.4 MPH)
Bottom of the 9th over - 0 runs, 0 hits, 0 errors, 0 left on base; Baltimore 10 - Los Angeles 2
Friday, February 13th, 2026 - OOTP Baseball 20.8 Build 74